Map: [ESL] Cosmic Sapphire

Players

Reynor - Winner!

  • Race: Zerg Zerg
  • Spawn Location: 5:00

trigger

  • Race: Protoss Protoss
  • League: Master
  • Spawn Location: 11:00

Event: TSL 9

VOD

Have the link to the VOD?

Description

Time

  • Played on: July 29, 2022, 8:24 a.m.
  • Length: 14:17
Show
View Real Time Build Order
Export as new Build Order

Reynor Zerg - Winner!

Build Orders: Hatch First 

Get SALT Encoding   

  12  0:00  Drone  
  13  0:12  Overlord  
  13  0:16  Drone  
  14  0:30  Drone x2  
  16  0:48  Hatchery  
  15  0:50  Drone  
  15  0:54  Drone  
  17  0:58  Drone  
  18  1:08  Extractor  
  17  1:13  Spawning Pool  
  17  1:15  Drone  
  17  1:20  Drone  
  18  1:27  Drone  
  19  1:38  Drone  
  20  1:50  Overlord  
  20  2:00  Queen x2  
  20  2:01  Zergling x4  
  26  2:10  Drone x2  
  26  2:12  Metabolic Boost  
  28  2:22  Drone x2  
  30  2:35  Hatchery  
  29  2:37  Drone  
  29  2:38  Drone  
  29  2:43  Drone  
  32  2:45  Overlord  
  32  2:53  Drone  
  32  2:54  Drone  
  32  2:55  Queen  
  36  3:02  Queen  
  36  3:04  Drone  
  39  3:06  Drone  
  39  3:10  Overlord  
  39  3:12  Drone  
  41  3:14  Drone  
  41  3:16  Drone  
  41  3:18  Drone  
  44  3:26  Overlord  
  44  3:30  Drone  
  44  3:31  Queen  
  47  3:36  Drone  
  47  3:39  Queen  
  47  3:40  Drone  
  51  3:46  Queen  
  53  3:48  Spore Crawler  
  53  3:49  Drone  
  53  3:50  Drone  
  53  3:51  Evolution Chamber  
  53  3:52  Drone  
  54  3:57  Spore Crawler  
  54  3:58  Drone x2  
  54  4:01  Drone  
  56  4:03  Extractor  
  56  4:05  Drone x2  
  56  4:06  Drone  
  56  4:09  Overlord  
  58  4:11  Drone  
  58  4:16  Spore Crawler  
  59  4:17  Zerg Melee Weapons Level 1  
  59  4:18  Drone  
  59  4:20  Drone  
  59  4:22  Zergling x2  
  59  4:23  Zergling x2  
  63  4:25  Drone  
  63  4:30  Zergling x2  
  63  4:31  Zergling x2, Roach Warren  
  65  4:33  Drone  
  65  4:36  Drone  
  66  4:39  Overlord  
  66  4:40  Drone x2  
  66  4:41  Drone x2  
  66  4:45  Overlord  
  70  4:46  Drone  
  70  4:50  Lair  
  70  4:52  Drone x2  
  73  4:54  Overlord  
  73  4:56  Drone  
  73  4:58  Drone  
  73  4:59  Drone x2  
  77  5:02  Overlord  
  77  5:03  Drone  
  77  5:05  Drone  
  78  5:08  Zergling x6  
  78  5:09  Zergling x2  
  84  5:14  Roach  
  84  5:17  Overlord  
  84  5:20  Drone x3  
  87  5:22  Queen, Extractor  
  87  5:25  Drone x2  
  91  5:28  Drone  
  91  5:32  Overlord  
  91  5:35  Drone  
  91  5:38  Drone, Hatchery  
  91  5:39  Overlord  
  91  5:41  Drone  
  91  5:42  Drone  
  88  5:47  Queen, Extractor  
  88  5:48  Extractor  
  88  5:49  Roach, Extractor  
  89  5:51  Zergling x6  
  89  5:52  Zergling x4  
  89  5:53  Drone  
  89  5:54  Glial Reconstitution  
  95  5:58  Baneling Nest  
  95  6:03  Zergling x4  
  96  6:05  Drone x4  
  100  6:12  Zergling x2  
  100  6:16  Zergling x4  
  103  6:18  Evolution Chamber  
  103  6:19  Zerg Melee Weapons Level 2  
  103  6:24  Zergling x2  
  103  6:25  Zergling x6  
  105  6:29  Zergling x2  
  105  6:30  Hatchery  
  105  6:31  Drone  
  105  6:36  Zergling x2  
  105  6:37  Zergling x6  
  109  6:42  Centrifugal Hooks  
  109  6:43  Zergling x4  
  109  6:45  Zerg Ground Armor Level 1  
  109  6:46  Drone  
  112  6:48  Overlord  
  112  6:52  Zergling x6, Roach x2  
  117  6:55  Zergling x2  
  113  7:04  Zergling x12, Roach x2  
  115  7:10  Roach x2  
  115  7:11  Queen x2  
  118  7:16  Ravager  
  118  7:17  Ravager x2  
  118  7:18  Roach x5  
  118  7:19  Roach  
  118  7:22  Zergling x2  
  133  7:30  Zergling x4, Roach x2  
  133  7:35  Roach  
  138  7:40  Queen  
  138  7:41  Zergling x2  
  138  7:42  Zergling x4  
  142  7:46  Zergling x16  
  142  7:48  Overlord x2  
  142  7:49  Overlord  
  149  7:57  Zergling x2  
  149  7:58  Zergling x8  
  150  8:05  Zergling x2  
  150  8:06  Baneling x6  
  150  8:07  Baneling x2  
  150  8:10  Queen  
  150  8:12  Ravager x3  
  155  8:13  Zergling x2  
  155  8:14  Zergling x14  
  155  8:16  Zergling x6  
  157  8:24  Roach x2  
  155  8:32  Roach x3  
  153  8:36  Baneling x14  
  153  8:37  Queen  
  153  8:38  Zergling x2  
  153  8:39  Zergling x16  
  153  8:40  Zergling x2  
  165  8:45  Roach x2  
  165  8:48  Zergling x4  
  161  8:56  Zergling x12  
  161  8:59  Overlord  
  161  9:00  Zergling x4  
  162  9:09  Zergling x2  
  162  9:10  Zergling x12  
  162  9:14  Roach  
  167  9:18  Zergling x6  
  167  9:21  Ravager x2  
  167  9:22  Ravager  
  171  9:25  Overlord  
  171  9:29  Zergling x10, Roach x2  
  167  9:34  Zergling x2  
  167  9:37  Roach  
  155  9:39  Queen  
  155  9:42  Zergling x4  
  155  9:43  Zergling x4, Queen  
  151  9:45  Zergling x2  
  148  9:53  Zergling x2, Roach x3  
  148  9:55  Baneling x2  
  148  9:58  Roach  
  148  9:59  Zerg Missile Weapons Level 1  
  151  10:02  Roach x4  
  151  10:04  Baneling x5  
  159  10:09  Roach x2  
  159  10:11  Zergling x4  
  159  10:12  Zergling x6  
  159  10:14  Zergling x2, Roach x2  
  168  10:17  Zerg Ground Armor Level 2  
  168  10:18  Zergling x14  
  168  10:20  Zergling x2  
  175  10:23  Zergling x2  
  171  10:37  Zergling x2, Roach  
  171  10:38  Zergling x10  
  175  10:44  Zergling x4  
  175  10:45  Zergling x16  
  175  10:46  Overlord  
  175  10:48  Zergling x2  
  175  10:49  Overlord  
  181  10:52  Overlord  
  181  10:56  Zergling x10  
  171  11:03  Zergling x4  
  172  11:04  Zergling x2  
  172  11:08  Zergling x10  
  172  11:11  Infestation Pit, Ravager x4  
  180  11:12  Roach x2  
  180  11:15  Baneling x7  
  180  11:17  Zergling x8  
  187  11:20  Zergling x4  
  176  11:26  Zergling x2, Roach x2  
  179  11:34  Zergling x12  
  179  11:38  Zergling x8  
  181  11:44  Zergling x2, Roach  
  183  11:48  Zergling x4  
  167  11:54  Zergling x8  
  167  11:58  Infestor x2  
  167  11:59  Infestor  
  174  12:03  Zergling x2  
  174  12:06  Zergling x2  
  164  12:11  Roach x2  
  157  12:16  Roach  
  157  12:18  Roach x2  
  157  12:20  Queen x2  
  157  12:22  Roach x2  
  163  12:24  Roach x2  
  163  12:25  Roach  
  163  12:28  Roach  
  163  12:29  Roach  
  169  12:33  Roach  
  177  12:37  Roach x4  
  177  12:43  Roach x7  
  188  12:47  Overlord  
  188  12:48  Zergling x4  
  183  12:53  Roach x3  
  182  13:00  Zergling x6  
  182  13:04  Zergling x8  
  179  13:12  Zergling x6  
  157  13:15  Zergling x2  
  157  13:18  Roach  
  150  13:22  Infestor x2  
  150  13:26  Roach  
  145  13:29  Roach  
  145  13:31  Queen  
  143  13:37  Roach x5  
  143  13:41  Roach x3  
  142  13:47  Roach  
  141  13:49  Roach x2  
  141  13:53  Roach x3  
  141  13:54  Roach x3  
Show
View Real Time Build Order
Export as new Build Order

trigger Protoss 

Build Orders: 1 Gate Expand, Oracle Opening 

Get SALT Encoding   

  12  0:00  Probe  
  13  0:12  Probe  
  14  0:17  Pylon  
  14  0:24  Probe  
  15  0:36  Probe (Chrono Boost)  
  15  0:39  Gateway  
  16  0:46  Probe (Chrono Boost)  
  16  0:47  Assimilator  
  17  0:51  Probe (Chrono Boost)  
  18  1:03  Probe  
  19  1:15  Probe  
  20  1:25  Nexus  
  20  1:28  Probe  
  21  1:37  Cybernetics Core  
  21  1:45  Probe, Assimilator  
  22  1:52  Pylon  
  22  1:57  Probe  
  23  2:10  Probe (Chrono Boost)  
  23  2:14  Warp Gate, Stalker  
  26  2:20  Probe (Chrono Boost)  
  27  2:25  Probe (Chrono Boost)  
  28  2:30  Stargate  
  28  2:36  Probe (Chrono Boost)  
  30  2:39  Probe (Chrono Boost)  
  31  2:44  Adept  
  31  2:45  Probe (Chrono Boost)  
  31  2:46  Probe (Chrono Boost)  
  31  2:51  Probe x2 (Chrono Boost)  
  36  3:03  Probe  
  37  3:06  Probe  
  38  3:12  Oracle (Chrono Boost)  
  38  3:15  Probe  
  38  3:18  Probe  
  43  3:27  Probe  
  43  3:30  Probe, Pylon  
  43  3:32  Nexus  
  45  3:39  Probe  
  46  3:43  Assimilator  
  46  3:45  Oracle (Chrono Boost), Pylon  
  46  3:49  Probe  
  46  3:51  Probe  
  46  3:53  Twilight Council  
  51  3:57  Shield Battery  
  51  4:01  Probe  
  52  4:03  Probe  
  53  4:13  Probe  
  53  4:14  Assimilator  
  53  4:15  Probe  
  53  4:16  Gateway  
  55  4:17  Gateway  
  55  4:21  Adept  
  57  4:25  Probe (Chrono Boost)  
  57  4:27  Pylon  
  57  4:30  Blink (Chrono Boost)  
  59  4:33  Probe (Chrono Boost)  
  59  4:36  Probe (Chrono Boost)  
  60  4:42  Probe x2 (Chrono Boost)  
  63  4:45  Probe (Chrono Boost)  
  63  4:48  Stalker  
  67  4:54  Probe (Chrono Boost)  
  67  4:55  Probe (Chrono Boost)  
  67  4:56  Probe (Chrono Boost)  
  67  4:57  Forge  
  68  5:00  Probe (Chrono Boost), Gateway  
  68  5:03  Probe  
  68  5:04  Probe  
  71  5:09  Pylon  
  71  5:11  Stalker x2  
  71  5:12  Probe, Stalker  
  78  5:16  Probe  
  78  5:19  Assimilator  
  78  5:20  Protoss Ground Weapons Level 1 (Chrono Boost)  
  78  5:21  Pylon  
  79  5:27  Probe  
  80  5:35  Stalker x3  
  80  5:41  Probe x2  
  80  5:42  Probe  
  85  5:47  Gateway  
  85  5:48  Shield Battery, Gateway  
  84  5:50  Shield Battery  
  84  5:58  Gateway  
  84  6:00  Pylon x2  
  84  6:01  Stalker x2  
  88  6:06  Stalker  
  90  6:13  Gateway  
  90  6:15  Stalker, Pylon x2  
  92  6:26  Stalker x2  
  92  6:32  Stalker  
  98  6:39  Gateway, Stalker  
  100  6:40  Pylon  
  100  6:45  Stalker x2  
  104  6:50  Stalker x2  
  108  7:01  Stalker x2  
  110  7:11  Stalker  
  110  7:13  Stalker x4  
  118  7:18  Pylon  
  118  7:22  Stalker  
  118  7:38  Protoss Ground Weapons Level 2 (Chrono Boost), Stalker x7  
  118  7:41  Pylon  
  118  7:43  Pylon  
  132  7:45  Pylon  
  132  7:48  Probe  
  133  8:03  Stalker x8  
  147  8:07  Assimilator  
  147  8:26  Nexus  
  145  8:31  Stalker x6  
  145  8:32  Probe (Chrono Boost)  
  145  8:33  Probe x2 (Chrono Boost)  
  148  8:42  Probe x3 (Chrono Boost)  
  148  8:47  Probe x3 (Chrono Boost)  
  148  8:55  Stalker x3  
  157  9:00  Probe (Chrono Boost)  
  157  9:02  Pylon  
  157  9:05  Pylon  
  157  9:06  Probe (Chrono Boost)  
  157  9:09  Probe (Chrono Boost)  
  157  9:11  Probe (Chrono Boost)  
  157  9:15  Charge  
  157  9:20  Probe  
  157  9:24  Stalker x3  
  141  9:42  Stalker x5  
  149  9:46  Probe  
  146  9:53  Stalker x3  
  148  10:01  Probe x2  
  148  10:02  Probe  
  148  10:04  Photon Cannon  
  148  10:06  Stalker x2  
  155  10:07  Stalker x4  
  159  10:16  Stalker x3  
  159  10:19  Probe (Chrono Boost)  
  162  10:23  Probe x2 (Chrono Boost)  
  162  10:25  Probe (Chrono Boost)  
  163  10:29  Probe (Chrono Boost)  
  163  10:31  Stalker  
  163  10:33  Probe (Chrono Boost)  
  151  10:36  Stalker x2  
  151  10:38  Probe  
  151  10:39  Probe  
  151  10:41  Probe  
  158  10:49  Probe  
  149  10:50  Probe  
  149  10:53  Probe  
  139  10:59  Zealot x2  
  139  11:00  Zealot  
  145  11:05  Zealot x2  
  143  11:15  Zealot x3  
  149  11:21  Probe  
  130  11:40  Stalker x5  
  127  11:57  Stalker x2  
  127  11:59  Zealot  
  125  12:06  Zealot  
  108  12:24  Stalker x2  
  108  12:55  Stalker x3  
  106  13:06  Stalker  
  106  13:07  Stalker  
  98  13:19  Stalker x2  
  74  13:38  Stalker x2  
  78  13:43  Stalker  
  78  13:54  Stalker  
  78  13:55  Stalker  
Tags
 
Add a new tag
Caveats
  • Supply blocks, unpowered buildings, or Contaminate may cause inaccurate times.
  • Supply counts are checked every 10 seconds.